 Dungeon Crawl Stone Soup version 0.18.1-48-g4cf74bf (webtiles) character file.

207 WarriorsX the Skirmisher (level 6, -1/52 HPs)
             Began as a Human Fighter on July 25, 2016.
             Slain by a worker ant (2 damage)
             ... on level 4 of the Dungeon.
             The game lasted 00:09:20 (2714 turns).

WarriorsX the Skirmisher (Human Fighter)            Turns: 2714, Time: 00:09:21

Health: -1/52      AC:  9    Str: 18    XL:     6   Next: 10%
Magic:  6/6        EV:  7    Int:  9    God:
Gold:   238        SH:  0    Dex: 12    Spells: 0 memorised, 5 levels left

rFire  . . .     SeeInvis .     a - +0 war axe
rCold  . . .     Gourm    .     k - +0 chain mail
rNeg   . . .     Faith    .     (no shield)
rPois  .         Spirit   .     (no helmet)
rElec  .         Dismiss  .     (no cloak)
rCorr  .         Reflect  .     (no gloves)
SustAt .         Harm     .     (no boots)
MR     .....                    (no amulet)
Stlth  ..........               (no ring)
                                (no ring)

@: lethally poisoned (-1 -> -6), not resistant to hostile enchantments,
extremely unstealthy
A: no striking features
a: no special abilities


You were on level 4 of the Dungeon.
You were not hungry.

You visited 1 branch of the dungeon, and saw 4 of its levels.

You collected 238 gold pieces.

Inventory:

Hand Weapons
 a - a +0 war axe (weapon)
Armour
 b - a +0 scale mail
 c - a +0 shield
 h - a +0 pair of gloves
 k - a +0 chain mail (worn)
Jewellery
 m - an uncursed amulet of magic regeneration {unknown}
Wands
 s - a wand of lightning (9/15)
Scrolls
 g - 6 scrolls of identify {unknown}
 n - 2 scrolls of enchant armour {unknown}
 o - a scroll of noise {unknown}
 q - a scroll of fear {unknown}
 r - 2 scrolls of remove curse {unknown}
Potions
 d - 2 potions of might
 j - a potion of invisibility {unknown}
 l - a potion of lignification {unknown}
Comestibles
 f - 5 bread rations
 i - a slice of pizza
 p - 3 meat rations


   Skills:
 - Level 6.0 Fighting
 + Level 2.8 Axes
 - Level 3.0 Armour
 - Level 3.0 Shields


You had 5 spell levels left.
You didn't know any spells.

Dungeon Overview and Level Annotations

Branches:
Dungeon (4/15)
 Temple: D:4-7

Altars:
Dithmenos
Kikubaaqudgha
Makhleb


Message History

You are lethally poisoned!
The worker ant poisons you!
You feel better. The worker ant bites you.
* * * LOW HITPOINT WARNING * * *
You closely miss the worker ant.
The worker ant is heavily wounded.
The worker ant bites you but does no damage.
The worker ant barely misses you.
You closely miss the worker ant.
The worker ant is heavily wounded.
The worker ant bites you.
* * * LOW HITPOINT WARNING * * *
You are lethally poisoned!
The worker ant poisons you!
The worker ant bites you but does no damage.
You hit the worker ant.
The worker ant is heavily wounded.
* * * LOW HITPOINT WARNING * * *
You feel sick. The worker ant bites you.
You die...

##.## ##.......## #..##
##...####.........####...#####
#.......'.........+........)..
##...####.........####...#####
##.## ##......(## #....# #.#
##.....## ####.# #.# ##...##
#.# ..# ##'## #.# .# #@# #.#
#a# #.# ##.## #.# #...# #.#
#......# #.# #.#...##
....!.(.. ....##.#### #.###
#.#


You could see a worker ant.

Vanquished Creatures
  The ghost of WarriorsX the Skirmisher, a weakling HuFi (D:4)
  A hound (D:4)
  7 adders
  2 oozes
  An adder skeleton (D:4)
  A dart slug (D:1)
  3 orcs (D:4)
  A ball python (D:3)
  3 bats
  2 bat zombies (D:3)
  3 giant cockroaches
  7 goblins
  9 hobgoblins
  6 kobolds
  A quokka (D:4)
  3 giant newts
  4 rats
  A rat zombie (D:3)
56 creatures vanquished.

Notes
Turn   | Place    | Note
--------------------------------------------------------------
     0 | D:1      | WarriorsX the Human Fighter began the quest for the Orb.
     0 | D:1      | Reached XP level 1. HP: 18/18 MP: 1/1
   202 | D:1      | Reached XP level 2. HP: 24/24 MP: 2/2
   996 | D:2      | Reached skill level 4 in Fighting
   996 | D:2      | Reached XP level 3. HP: 26/30 MP: 3/3
  1218 | D:2      | Reached XP level 4. HP: 24/38 MP: 4/4
  1696 | D:3      | Reached skill level 5 in Fighting
  1902 | D:3      | Reached XP level 5. HP: 37/44 MP: 5/5
  1906 | D:3      | Found an ancient bone altar of Kikubaaqudgha.
  1975 | D:3      | Found a shadowy altar of Dithmenos.
  2533 | D:4      | Found a burning altar of Makhleb.
  2644 | D:4      | Reached skill level 6 in Fighting
  2676 | D:4      | Noticed WarriorsX's ghost (weakling HuFi)
  2688 | D:4      | Killed WarriorsX's ghost
  2688 | D:4      | Reached XP level 6. HP: 29/52 MP: 6/6
  2713 | D:4      | HP: 1/52 [worker ant (4)]
  2714 | D:4      | Slain by a worker ant

Skill      XL: |  1  2  3  4  5 |
---------------+----------------+-----
Fighting       | 4 5 6 |  6.0
Axes           | |  2.8
Armour         | |  3.0
Shields        | |  3.0

Action                   |  1- 3 |  4- 6 || total
-------------------------+-------+-------++-------
Melee: War axe           |    64 |   161 ||   225
  Use: Potion            |       |     2 ||     2
  Eat: Chunk             |     1 |     5 ||     6
Armor: Scale mail        |     9 |       ||     9
       Chain mail        |    40 |   124 ||   164
Dodge: Dodged            |    30 |    74 ||   104
